 Dungeon Crawl Stone Soup version 0.31-a0-876-gfe8ebadbca (webtiles) character file.

Game seed: 7874916108715906711

324 Blei the Conjurer (level 6, 0/34 HPs)
             Began as a Gargoyle Conjurer on Oct 13, 2023.
             Slain by an orc warrior
             ... wielding a +0 mace
              (11 damage)
             ... on level 5 of the Dungeon.
             The game lasted 00:09:38 (3065 turns).

Blei the Conjurer (Gargoyle Conjurer)               Turns: 3065, Time: 00:09:39

Health: 0/34       AC: 10    Str: 10    XL:     6   Next: 48%
Magic:  1/9        EV: 15    Int: 21    God:
Gold:   232        SH:  0    Dex:  8    Spells: 7/10 levels left

rFire   . . .        m - +0 short sword
rCold   + . .        (no shield)
rNeg    + . .        o - +0 ring mail
rPois   ∞            (no helmet)
rElec   +            p - +0 cloak
rCorr   .            (no gloves)
SInv    .            (no boots)
Will    +....        q - amulet of the Commoners {RegenMP rC+ Slay+3}
Stlth   +            j - ring of willpower
HPRegen 0.25/turn    u - +5 ring of evasion
MPRegen 0.51/turn

%: no passive effects
@: no status effects
A: sickness immunity, AC +4, negative energy resistance 1, electricity
resistance, torment resistance 1, petrification resistance
a: no special abilities


You were on level 5 of the Dungeon.
You visited 1 branch of the dungeon, and saw 5 of its levels.

You collected 232 gold pieces.

Inventory:

Hand Weapons
 m - a +0 short sword (weapon)
Armour
 e - a +0 leather armour
 o - a +0 ring mail (worn)
 p - a +0 cloak (worn)
Jewellery
 j - a ring of willpower (left hand)
 l - a ring of protection from cold
 q - the amulet of the Commoners (around neck) {RegenMP rC+ Slay+3}
   (You found it on level 3 of the Dungeon)

   [amulet of magic regeneration]

   RegenMP:   It increases your rate of magic regeneration.
   Slay+3:    It affects your accuracy & damage with ranged weapons and melee
   (+3).
   rC+:       It protects you from cold.
 u - a +5 ring of evasion (right hand)
Wands
 s - a wand of flame (20)
Scrolls
 d - 2 scrolls of immolation {unknown}
 g - a scroll of teleportation {unknown}
 k - 2 scrolls of poison {unknown}
 r - a scroll of amnesia {unknown}
 v - a scroll of fog {unknown}
 w - a scroll of identify
Potions
 a - 2 potions of heal wounds
 b - a potion of magic
 c - 2 potions of haste
 f - 3 potions of curing
 h - 2 potions of brilliance
 i - a potion of might
 n - a potion of lignification {unknown}
 t - a potion of ambrosia


   Skills:
 + Level 1.0 Fighting
 - Level 1.5 Dodging
 - Level 2.1 Stealth
 - Level 0.2 Unarmed Combat
 - Level 2.5 Spellcasting
 * Level 7.9 Conjurations


You had 7 spell levels left.
You knew the following spells:

 Your Spells              Type           Power      Damage    Failure   Level
a - Magic Dart            Conj           100%       1d8       1%          1
b - Searing Ray           Conj           70%        2d7       2%          2

Your spell library contained the following spells:

 Spells                   Type           Power      Damage    Failure   Level
 Dazzling Flash           Conj/Hex       38%        N/A       22%         3
 Fulminant Prism          Conj/Hex       9%         3d6       56%         4
 Iskenderun's Mystic Bla  Conj/Tloc      19%        2d6       56%         4


Dungeon Overview and Level Annotations

Branches:
Dungeon (5/15)
 Temple: D:4-7

Altars:
Kikubaaqudgha
Nemelex Xobeh

Shops:
D:2 =


Innate Abilities, Weirdness & Mutations

You are immune to sickness and miasma.
Your stone body is resilient. (AC +4)
You are immune to poison.
You resist negative energy. (rN+)
You are resistant to electric shocks. (rElec)
You are resistant to unholy torment.
You are immune to petrification.


Message History

Aiming: Searing Ray (safe; 2% risk of failure)
Press: ? - help, Shift-Dir - straight line, f - orc warrior
Aim: an orc warrior, wielding a +0 mace and wearing a +0 chain mail (lightly wounded, 78% to hit)
The searing ray hits the orc warrior.
The orc warrior is moderately wounded. (Press . to maintain the ray.)
The orc warrior hits you with a +0 mace.
The searing ray hits the orc warrior.
The orc warrior is heavily wounded.
The orc warrior closely misses you.
The searing ray hits the orc warrior but does no damage.
The orc warrior is heavily wounded.
The orc warrior closely misses you.
The searing ray hits the orc warrior.
The orc warrior is severely wounded.
You finish channelling your searing ray.
The orc warrior barely misses you. The orc warrior closely misses you.
Unknown command.
Casting: Searing Ray (safe; 2% risk of failure)
Confirm with . or Enter, or press ? or * to list all spells.
Aiming: Searing Ray (safe; 2% risk of failure)
Press: ? - help, Shift-Dir - straight line, f - orc wizard, p - orc warrior
Aim: an orc wizard, wielding a +0 dagger and wearing a +0 robe (76% to hit)
The searing ray hits the orc warrior.
The orc warrior is severely wounded.
The searing ray misses the orc wizard. (Press . to maintain the ray.)
The orc wizard casts a spell.
The orc wizard flickers and vanishes!
Deactivating autopickup; reactivate with Ctrl-A.
The orc warrior hits you with a +0 mace.
The searing ray hits the orc warrior.
The orc warrior is almost dead.
The searing ray hits something.
The orc warrior closely misses you.
The searing ray misses the orc warrior.
The orc warrior hits you with a +0 mace.
Without enough magic to sustain it, your searing ray dissipates.
The orc warrior hits you with a +0 mace!
You die...

###############
#.............#
#.............#
#.............#
#............@#####
##.###..~.##+#o...# ####
#..###.≈~~#..#....#....##
#.≈..~~~~....+....).....#
#≈~≈≈~~....+##....#.....#
~###....##.####### )...#
#....# ... ...# #....#
.... ..# #)...# ###.. +#


You could see an orc warrior.

Vanquished Creatures
  A scorpion (D:4)
  A hound (D:5)
  3 orc priests (D:5)
  An orc wizard (D:5)
  3 adders
  A white imp (D:5)
  2 dart slugs
  7 orcs
  5 endoplasms
  9 giant cockroaches
  5 hobgoblins
  6 jackals
  4 kobolds
  A quokka (D:1)
  13 ball pythons
  2 bats
  A frilled lizard (D:2)
  7 goblins
  5 rats
77 creatures vanquished.

Notes
Turn   | Place    | Note
-------+----------+-------------------------------------------
     0 | D:1      | Blei the Gargoyle Conjurer began the quest for the Orb.
     0 | D:1      | Reached XP level 1. HP: 10/10 MP: 3/3
   181 | D:1      | Reached XP level 2. HP: 15/15 MP: 0/5
   312 | D:1      | Reached skill level 5 in Conjurations
   682 | D:1      | Reached XP level 3. HP: 19/19 MP: 4/6
  1080 | D:2      | Found Gis Deexto's Jewellery Boutique.
  1118 | D:2      | Learned a level 2 spell: Searing Ray
  1779 | D:3      | Reached XP level 4. HP: 24/24 MP: 1/7
  2043 | D:3      | Identified the amulet of the Commoners {RegenMP rC+ Slay+3}
  2178 | D:3      | Reached skill level 6 in Conjurations
  2349 | D:3      | Found an ancient bone altar of Kikubaaqudgha.
  2701 | D:4      | Noticed a scorpion
  2714 | D:4      | Killed a scorpion
  2715 | D:4      | Reached XP level 5. HP: 18/28 MP: 2/8
  2805 | D:4      | You fall into a shaft and drop 1 floor!
  2805 | D:5      | Entered Level 5 of the Dungeon
  2822 | D:5      | Reached skill level 7 in Conjurations
  2885 | D:5      | Found a sparkling altar of Nemelex Xobeh.
  2893 | D:5      | Reached XP level 6. HP: 28/33 MP: 5/9
  3044 | D:5      | Noticed an orc warrior
  3049 | D:5      | Reached skill level 1 in Fighting
  3065 | D:5      | Slain by an orc warrior

Illustrated notes

Levels and vault maps discovered:
D:1:      lightli_arrival_lavapool, layout_basic, minmay_misc_feat_tiny
D:2:      layout_basic, serial_shops, shop
D:3:      layout_rooms, mainiacjoe_overflow_six_doors_small,
          minmay_misc_feat_more_columns, corner_web_ring
D:4:      layout_basic
D:5:      layout_gridville, trog_butcher_becter, mainiacjoe_overflow_brackets,
          chequers_serial_rivers_small_a, nicolae_nh_ransacked_shop,
          uniq_blork_the_orc

Skill      XL: |  1  2  3  4  5  6 |
---------------+-------------------+-----
Conjurations   | 5 6 7 |  7.9
Fighting       | 1 |  1.0
Dodging        | |  1.5
Stealth        | |  2.1
Unarmed Combat | |  0.2
Spellcasting   | |  2.5

Action                     |  1- 3 |  4- 6 || total
---------------------------+-------+-------++-------
  Melee: Unarmed           |    28 |       ||    28
         Club              |     6 |       ||     6
         Punch             |     1 |       ||     1
         Short sword       |    28 |       ||    28
   Cast: Magic Dart        |    80 |    60 ||   140
         Searing Ray       |       |     9 ||     9
    Use: Scroll            |     3 |     3 ||     6
 Armour: Robe              |    22 |       ||    22
         Leather armour    |    27 |       ||    27
         Ring mail         |       |    11 ||    11
  Dodge: Dodged            |    58 |    19 ||    77

Table legend: (Time is in decaauts)
 A = Elapsed time spent in this place.
 B = Non-inter-level travel time spent in this place.
 C = Inter-level travel time spent in this place.
 D = Time resting spent in this place.
 E = Time spent auto-exploring this place.
 F = Levels seen in this place.
 G = Mean time per level.
                   A        B        C        D        E       F      G
               +--------+--------+--------+--------+--------+-----+--------+
         Total |   3065 |   2986 |     79 |    343 |   2172 |   5 |  613.0 |
       Dungeon |   3065 |   2986 |     79 |    343 |   2172 |   5 |  613.0 |
               +--------+--------+--------+--------+--------+-----+--------+

Top non-repeatable levels by time:
     D:1: 1081 daAuts
     D:3: 722 daAuts
     D:2: 675 daAuts
     D:4: 325 daAuts
     D:5: 260 daAuts
